 Dungeon Crawl Stone Soup version 0.31-a0-188-g5e087ee2ca (webtiles) character file.

Game seed: 12711435306364930482

103 qw the Shooter (level 4, 0/25 HPs)
             Began as a Deep Elf Hunter on June 23, 2023.
             Slain by an adder (2 damage)
             ... on level 3 of the Dungeon.
             The game lasted 00:00:33 (1044 turns).

qw the Shooter (Deep Elf Hunter)                    Turns: 1044, Time: 00:00:33

Health: 0/25       AC:  4    Str: 10    XL:     4   Next: 51%
Magic:  6/6        EV: 12    Int: 14    God:
Gold:   81         SH:  0    Dex: 18    Spells: 3/3 levels left

rFire   . . .        a - +1 orcbow (heavy)
rCold   . . .        (shield currently unavailable)
rNeg    . . .        c - +0 leather armour
rPois   .            (no helmet)
rElec   .            (no cloak)
rCorr   .            j - +0 pair of gloves
SInv    +            (no boots)
Will    .....        e - amulet of the acrobat
Stlth   ++           f - ring of see invisible
HPRegen 0.24/turn    (no ring)
MPRegen 0.10/turn

%: acrobat
@: lethally poisoned (0 -> 0)
A: no striking features
a: no special abilities


You were on level 3 of the Dungeon.
You visited 1 branch of the dungeon, and saw 3 of its levels.

You collected 81 gold pieces.


   Skills:
 - Level 1.5 Fighting
 + Level 7.9 Ranged Weapons
 - Level 2.4 Dodging
 - Level 1.2 Stealth


You had 3 spell levels left.
You didn't know any spells.
Your spell library was empty.

Inventory:

Hand Weapons
 a - a +1 heavy orcbow (weapon)
Armour
 c - a +0 leather armour (worn)
 g - a +0 helmet
 j - a +0 pair of gloves (worn)
Jewellery
 b - a ring of willpower
 e - an amulet of the acrobat (around neck)
 f - a ring of see invisible (left hand)
Scrolls
 h - 2 scrolls of identify
 i - a scroll of enchant armour {unknown}
Potions
 d - 2 potions of resistance
 k - a potion of mutation
 l - a potion of magic {unknown}

Dungeon Overview and Level Annotations

Branches:
Dungeon (3/15)

Altars:

Shops:
D:1 (


Message History

The ball python hisses angrily.
You hear an angry hiss.
An adder comes into view.
Enter note:
Enter note: You shoot an arrow.
The arrow hits the ball python but does no damage.
You shoot an arrow. The arrow hits the ball python.
You kill the ball python!
You shoot an arrow. The arrow closely misses the adder.
You shoot an arrow. The arrow hits the adder.
The adder is heavily wounded.
The adder bites you.
You are poisoned.
The adder poisons you! The adder bites you.
You shoot an arrow.
The arrow hits the adder but does no damage.
The adder is heavily wounded.
You feel very sick. The adder bites you. The adder misses you.
The adder bites you but does no damage.
You shoot an arrow. The arrow barely misses the adder.
You feel sick. The adder barely misses you. x2
You shoot an arrow. The arrow barely misses the adder.
You feel sick. The adder barely misses you. x2
You shoot an arrow. The arrow hits the adder.
The adder is severely wounded.
You feel sick.
You are no longer poisoned.
The adder closely misses you. The adder bites you.
You are poisoned.
The adder poisons you!
You shoot an arrow. The arrow misses the adder.
You feel very sick. The adder bites you but does no damage.
The adder barely misses you.
You shoot an arrow. The arrow barely misses the adder.
You feel sick. The adder bites you but does no damage.
The adder closely misses you. The adder bites you.
You shoot an arrow. The arrow closely misses the adder.
You feel sick. The adder bites you.
You die...

###.#..........
#.............#
.).....##...#>#
........#.#.#.#
.......%#.#.#.#
..........#.#.#
........%.....####
...%...)##.......###
.......#.......#@S.#
.........####.####......
........## #.# .....
........# #.# ....
........# #.# ...
........# #.# ..
^......## #.# . ......##
#####..


You could see an adder.

Vanquished Creatures
  An orc priest (D:3)
  An adder (D:2)
  3 dart slugs
  2 orcs (D:3)
  6 ball pythons
  5 endoplasms
  3 giant cockroaches
  7 hobgoblins
  5 quokkas (D:2)
  4 bats
  3 frilled lizards
  3 goblins
  5 kobolds
  4 rats
52 creatures vanquished.

Notes
Turn   | Place    | Note
-------+----------+-------------------------------------------
     0 | D:1      | qw the Deep Elf Hunter began the quest for the Orb.
     0 | D:1      | Reached XP level 1. HP: 12/12 MP: 3/3
     0 | D:1      | 0 ||| qw: Version: 0.3-a-9-g12657ce
     0 | D:1      | 0 ||| qw: Game counter: 3781
     0 | D:1      | 0 ||| qw: Always use a shield: true
     0 | D:1      | 0 ||| qw: God list: Okawaru
     0 | D:1      | 0 ||| qw: Allow faded altars: false
     0 | D:1      | 0 ||| qw: Do Orc after D:15 true
     0 | D:1      | 0 ||| qw: Do second Lair branch before Depths: true
     0 | D:1      | 0 ||| qw: Lair rune preference: random
     0 | D:1      | 0 ||| qw: Plans: Normal
     0 | D:1      | 0 ||| PLANNING D:1-11
    34 | D:1      | Found Gocag's Weapon Boutique.
    61 | D:1      | Reached XP level 2. HP: 16/16 MP: 4/4
    80 | D:1      | Reached skill level 6 in Ranged Weapons
   398 | D:1      | 398 ||| UPGRADING to amulet of the acrobat.
   403 | D:1      | 403 ||| UPGRADING to ring of see invisible.
   404 | D:1      | 404 ||| READING scroll labelled ETURCH KOFORO.
   404 | D:1      | Identified a scroll of acquirement
   404 | D:1      | 404 ||| ACQUIRING +1 heavy orcbow
   404 | D:1      | Acquired a +1 heavy orcbow
   406 | D:1      | 406 ||| SWAPPING to +1 heavy orcbow.
   407 | D:1      | 407 ||| DROPPING +0 shortbow.
   408 | D:1      | 408 ||| DRINKING 2 fizzy grey potions.
   409 | D:1      | 409 ||| DROPPING scroll of butterflies.
   469 | D:2      | Reached XP level 3. HP: 20/20 MP: 5/5
   599 | D:2      | Reached skill level 7 in Ranged Weapons
   821 | D:2      | 821 ||| UPGRADING to +0 pair of gloves.
   826 | D:2      | 826 ||| DROPPING amulet of magic regeneration.
   827 | D:2      | 827 ||| READING 3 scrolls labelled TOTAFIA CUULL.
   828 | D:2      | 828 ||| READING scroll labelled SESTAYL YXUST.
   829 | D:2      | 829 ||| READING scroll labelled DUYT PAQOHEBAK.
   832 | D:2      | 832 ||| READING 2 scrolls of identify.
   832 | D:2      | 832 ||| IDENTIFYING white potion
   844 | D:3      | 844 ||| STAIRDANCE
   980 | D:3      | Reached XP level 4. HP: 25/25 MP: 6/6
  1043 | D:3      | HP: 5/25 [poisoned by an adder]
  1044 | D:3      | HP: 2/25 [poisoned by an adder]
  1044 | D:3      | Slain by an adder

Levels and vault maps discovered:
D:1:      minmay_arrival_nine_rooms, layout_rooms, serial_shops, shop_statue,
          hangedman_decor_clover_reticule
D:2:      layout_rooms
D:3:      layout_rooms

Skill      XL: |  1  2  3 |
---------------+----------+-----
Ranged Weapons | 6 7 |  7.9
Fighting       | |  1.5
Dodging        | |  2.4
Stealth        | |  1.2

Action                     |  1- 3 |  4- 6 || total
---------------------------+-------+-------++-------
   Fire: Shortbow          |    36 |       ||    36
         Orcbow            |    53 |    19 ||    72
    Use: Scroll            |     5 |       ||     5
         Potion            |     1 |       ||     1
 Armour: Leather armour    |     3 |     4 ||     7
  Dodge: Dodged            |     9 |     8 ||    17

Table legend:
 A = Non-vault XP
 B = Vault XP
 C = Vault XP percentage of total XP
 D = Non-vault monster count
 E = Vault monster count
 F = Vault count percentage of total count
                 A         B        C        D         E       F
            +---------+---------+-------+---------+---------+-------
      Total |     148 |       0 |   0.0 |      52 |       0 |   0.0
            +---------+---------+-------+---------+---------+-------
        D:1 |      29 |       0 |   0.0 |      17 |       0 |   0.0
        D:2 |      47 |       0 |   0.0 |      18 |       0 |   0.0
        D:3 |      72 |       0 |   0.0 |      17 |       0 |   0.0
            +---------+---------+-------+---------+---------+-------
